MLB
SAN FRANCISCO GIANTS @ ATLANTA BRAVES
08/19/2023
 
TOP OF THE 1ST
San Francisco Giants batting - Pitching for Atlanta Braves : RHP Frankie Montas
Pitching: RHP Frankie Montas
Batting: LHB Garrett Mitchell 0-0: Ball
1-0: Ball
2-0: SINGLE (Groundball, 23, EV 71.3 MPH) (infield hit)
Batting: RHB Jose Miranda 0-0: Fly out, F7 (Line Drive, 7, EV 90.0 MPH)
Batting: SHB Adley Rutschman 0-0: Swinging Strike
0-1: Ball
1-1: Fly out, F9 (Flyball, 89M, EV 90.0 MPH)
Batting: LHB Dominic Smith 0-0: Swinging Strike
0-1: Called Strike
0-2: Foul Ball, location: 7LMF
0-2: Strikes out looking
Top of the 1st over - 0 runs, 1 hit, 0 errors, 1 left on base; San Francisco 0 - Atlanta 0
BOTTOM OF THE 1ST
Atlanta Braves batting - Pitching for San Francisco Giants : RHP Nick Pivetta
Pitching: RHP Nick Pivetta
Batting: RHB Ronald Acuna Jr. 0-0: Ball
1-0: Fly out, F8 (Line Drive, 8LM, EV 102.5 MPH)
Batting: SHB Wander Franco 0-0: Fly out, F5 (Line Drive, 5L, EV 60.6 MPH)
Batting: RHB Vladimir Guerrero Jr. 0-0: Called Strike
0-1: Swinging Strike
0-2: Strikes out looking
Bottom of the 1st over - 0 runs, 0 hits, 0 errors, 0 left on base; San Francisco 0 - Atlanta 0
TOP OF THE 2ND
San Francisco Giants batting - Pitching for Atlanta Braves : RHP Frankie Montas
Batting: RHB Alec Bohm 0-0: Ball
1-0: Called Strike
1-1: Swinging Strike
1-2: Ball
2-2: Strikes out swinging
Batting: RHB Javier Baez 0-0: Ball
1-0: SINGLE (Groundball, 6D, EV 101.9 MPH)
Batting: LHB Simon Muzziotti 0-0: Called Strike
0-1: Foul Ball, location: 5SF
0-2: Foul Ball, location: 2F
0-2: Ball
1-2: DOUBLE (Flyball, 78D, EV 101.9 MPH)
Javier Baez to third
Runner from 3rd tries for Home, SAFE, no throw by LF
Batting: RHB Ceddanne Rafaela 0-0: Ball
1-0: Ground out 5-3 (Groundball, 56S, EV 72.5 MPH)
Simon Muzziotti to third
Batting: SHB Taylor Walls 0-0: Ball
Wild Pitch!
Simon Muzziotti scores
1-0: Fly out, F5 (Popup, 6, EV 66.9 MPH)
Top of the 2nd over - 2 runs, 2 hits, 0 errors, 0 left on base; San Francisco 2 - Atlanta 0
BOTTOM OF THE 2ND
Atlanta Braves batting - Pitching for San Francisco Giants : RHP Nick Pivetta
Batting: LHB Yordan Alvarez 0-0: Ball
1-0: Called Strike
1-1: Ball
2-1: Foul Ball, location: 5SF
2-2: Foul Ball, location: 5F
2-2: Ball
3-2: Fly out, F6 (Popup, 4D, EV 60.0 MPH)
Batting: LHB Kyle Schwarber 0-0: Called Strike
0-1: Fly out, F7 (Line Drive, 7, EV 95.6 MPH)
Batting: LHB Corey Seager 0-0: Ball
1-0: Fly out, F6 (Popup, 6M, EV 78.1 MPH)
Bottom of the 2nd over - 0 runs, 0 hits, 0 errors, 0 left on base; San Francisco 2 - Atlanta 0
TOP OF THE 3RD
San Francisco Giants batting - Pitching for Atlanta Braves : RHP Frankie Montas
Batting: LHB Garrett Mitchell 0-0: Foul Ball, location: 3F
0-1: Ball
1-1: Ball
2-1: Ground out 5-3 (Groundball, 15, EV 84.4 MPH)
Batting: RHB Jose Miranda 0-0: Foul Ball, location: 5FF
0-1: Ball
1-1: Called Strike
1-2: Strikes out swinging
Batting: SHB Adley Rutschman 0-0: Fly out, F6 (Popup, 25, EV 95.6 MPH)
Top of the 3rd over - 0 runs, 0 hits, 0 errors, 0 left on base; San Francisco 2 - Atlanta 0
BOTTOM OF THE 3RD
Atlanta Braves batting - Pitching for San Francisco Giants : RHP Nick Pivetta
Batting: RHB Yan Gomes 0-0: Foul Ball, location: 23F
0-1: Ball
1-1: Foul Ball, location: 2F
1-2: Ground out 5-3 (Groundball, 56, EV 102.5 MPH)
Batting: LHB Tommy La Stella 0-0: Foul Ball, location: 5FF
0-1: Foul Ball, location: 7LMF
0-2: Ball
1-2: Strikes out looking
Batting: RHB Jose Siri 0-0: Called Strike
0-1: Ground out 5-3 (Groundball, 5, EV 89.4 MPH)
Bottom of the 3rd over - 0 runs, 0 hits, 0 errors, 0 left on base; San Francisco 2 - Atlanta 0
TOP OF THE 4TH
San Francisco Giants batting - Pitching for Atlanta Braves : RHP Frankie Montas
Batting: LHB Dominic Smith 0-0: Swinging Strike
0-1: Called Strike
0-2: Foul Ball, location: 3FF
0-2: Strikes out swinging
Batting: RHB Alec Bohm 0-0: Ground out 6-3 (Groundball, 6, EV 90.6 MPH)
Batting: RHB Javier Baez 0-0: Ball
1-0: Called Strike
1-1: SINGLE (Groundball, 6MS, EV 69.4 MPH) (infield hit)
Batting: LHB Simon Muzziotti 0-0: DOUBLE (Flyball, 7LD, EV 92.5 MPH)
Javier Baez to third
Batting: RHB Ceddanne Rafaela 0-0: Called Strike
0-1: Swinging Strike
0-2: Ball
1-2: TRIPLE (Flyball, 9D, EV 106.3 MPH)
Javier Baez scores
Simon Muzziotti scores
Batting: SHB Taylor Walls 0-0: Called Strike
0-1: Ball
1-1: Foul Ball, location: 2LF
1-2: Ball
2-2: Fly out, F8 (Flyball, 8LD, EV 95.0 MPH)
Top of the 4th over - 2 runs, 3 hits, 0 errors, 1 left on base; San Francisco 4 - Atlanta 0
BOTTOM OF THE 4TH
Atlanta Braves batting - Pitching for San Francisco Giants : RHP Nick Pivetta
Batting: RHB Ronald Acuna Jr. 0-0: Called Strike
0-1: Ball
1-1: Foul Ball, location: 2F
1-2: Strikes out swinging
Batting: SHB Wander Franco 0-0: Ball
1-0: Ball
2-0: Ball
3-0: Called Strike
3-1: Foul Ball, location: 25F
3-2: Base on Balls
Batting: RHB Vladimir Guerrero Jr. 0-0: Ball
1-0: Ball
2-0: Called Strike
2-1: Swinging Strike
2-2: Foul Ball, location: 7LMF
2-2: Foul Ball, location: 5FF
2-2: Foul Ball, location: 23FF
2-2: Ball
3-2: Foul Ball, location: 5DF
3-2: Foul Ball, location: 7LSF
3-2: Grounds into double play, 5-4-3 (Groundball, 56S, EV 90.6 MPH)
Bottom of the 4th over - 0 runs, 0 hits, 0 errors, 0 left on base; San Francisco 4 - Atlanta 0
TOP OF THE 5TH
San Francisco Giants batting - Pitching for Atlanta Braves : RHP Frankie Montas
Batting: LHB Garrett Mitchell 0-0: Ball
1-0: Called Strike
1-1: Fly out, F8 (Flyball, 8LM, EV 96.3 MPH)
Batting: RHB Jose Miranda 0-0: Ball
1-0: Called Strike
1-1: Ground out U3 (Groundball, 34, EV 78.1 MPH)
Batting: SHB Adley Rutschman 0-0: Ball
1-0: Foul Ball, location: 7LDF
1-1: Fly out, F6 (Flyball, 4D, EV 92.5 MPH)
Top of the 5th over - 0 runs, 0 hits, 0 errors, 0 left on base; San Francisco 4 - Atlanta 0
BOTTOM OF THE 5TH
Atlanta Braves batting - Pitching for San Francisco Giants : RHP Nick Pivetta
Batting: LHB Yordan Alvarez 0-0: Ground out 5-3 (Groundball, 6, EV 63.8 MPH)
Batting: LHB Kyle Schwarber 0-0: Ball
1-0: Called Strike
1-1: Ball
2-1: Foul Ball, location: 2F
2-2: Strikes out swinging
Batting: LHB Corey Seager 0-0: Ball
1-0: Fly out, F7 (Line Drive, 7, EV 103.1 MPH)
Bottom of the 5th over - 0 runs, 0 hits, 0 errors, 0 left on base; San Francisco 4 - Atlanta 0
TOP OF THE 6TH
San Francisco Giants batting - Pitching for Atlanta Braves : RHP Frankie Montas
Batting: LHB Dominic Smith 0-0: Foul Ball, location: 2F
0-1: Ball
1-1: Ground out 4-3 (Groundball, 34D, EV 100.0 MPH)
Batting: RHB Alec Bohm 0-0: Ball
1-0: Ball
2-0: Ball
3-0: Called Strike
3-1: Base on Balls
Batting: RHB Javier Baez 0-0: Ball
1-0: Ball
2-0: Grounds into double play, 6-4-3 (Groundball, 6, EV 84.4 MPH)
Top of the 6th over - 0 runs, 0 hits, 0 errors, 0 left on base; San Francisco 4 - Atlanta 0
BOTTOM OF THE 6TH
Atlanta Braves batting - Pitching for San Francisco Giants : RHP Nick Pivetta
Batting: RHB Yan Gomes 0-0: Called Strike
0-1: Fly out, F2 (Popup, 2RF, EV 82.5 MPH)
Batting: LHB Tommy La Stella 0-0: Ball
1-0: Ball
2-0: Ball
3-0: Called Strike
3-1: Foul Ball, location: 5FF
3-2: Ground out 6-3 (Groundball, 6, EV 104.4 MPH)
Batting: RHB Jose Siri 0-0: Ball
1-0: Ball
2-0: Called Strike
2-1: Called Strike
2-2: Foul Ball, location: 5FF
2-2: Fly out, F7 (Flyball, 7D, EV 101.3 MPH)
Bottom of the 6th over - 0 runs, 0 hits, 0 errors, 0 left on base; San Francisco 4 - Atlanta 0
TOP OF THE 7TH
San Francisco Giants batting - Pitching for Atlanta Braves : RHP Frankie Montas
Batting: LHB Simon Muzziotti 0-0: Called Strike
0-1: Ball
1-1: Ground out 3-1 (Groundball, 34, EV 101.3 MPH)
Batting: RHB Ceddanne Rafaela 0-0: Ground out 4-3 (Groundball, 4, EV 90.6 MPH)
Batting: SHB Taylor Walls 0-0: Ground out 6-3 (Groundball, 6, EV 76.9 MPH)
Top of the 7th over - 0 runs, 0 hits, 0 errors, 0 left on base; San Francisco 4 - Atlanta 0
BOTTOM OF THE 7TH
Atlanta Braves batting - Pitching for San Francisco Giants : RHP Nick Pivetta
Batting: RHB Ronald Acuna Jr. 0-0: Ball
1-0: Foul Ball, location: 2F
1-1: Ground out 6-3 (Groundball, 6, EV 68.8 MPH)
Batting: SHB Wander Franco 0-0: Ball
1-0: Ball
2-0: Foul Ball, location: 3F
2-1: Called Strike
2-2: Foul Ball, location: 2F
2-2: Ground out U3 (Groundball, 3, EV 85.0 MPH)
Batting: RHB Vladimir Guerrero Jr. 0-0: Fly out, F7 (Flyball, 7LM, EV 95.6 MPH)
Bottom of the 7th over - 0 runs, 0 hits, 0 errors, 0 left on base; San Francisco 4 - Atlanta 0
TOP OF THE 8TH
San Francisco Giants batting - Pitching for Atlanta Braves : RHP Frankie Montas
Pitching: RHP Noah Syndergaard
Batting: LHB Garrett Mitchell 0-0: Ground out 4-3 (Groundball, 34, EV 83.1 MPH)
Batting: RHB Jose Miranda 0-0: Ball
1-0: Ball
2-0: Ground out 4-3 (Groundball, 34, EV 93.8 MPH)
Batting: SHB Adley Rutschman 0-0: Called Strike
0-1: Foul Ball, location: 5DF
0-2: SOLO HOME RUN (Flyball, 8LXD, EV 103.8 MPH), Distance : 419 ft
Batting: LHB Dominic Smith 0-0: Ball
1-0: Called Strike
1-1: Swinging Strike
1-2: Ball
2-2: Ball
3-2: Strikes out swinging
Top of the 8th over - 1 run, 1 hit, 0 errors, 0 left on base; San Francisco 5 - Atlanta 0
BOTTOM OF THE 8TH
Atlanta Braves batting - Pitching for San Francisco Giants : RHP Nick Pivetta
Batting: LHB Yordan Alvarez 0-0: Foul Ball, location: 25FF
0-1: Ball
1-1: Foul Ball, location: 5DF
1-2: Ball
2-2: Ball
3-2: Foul Ball, location: 2F
3-2: Ground out U3 (Groundball, 3, EV 89.4 MPH)
Batting: LHB Kyle Schwarber 0-0: Foul Ball, location: 3F
0-1: Foul Ball, location: 5SF
0-2: Ball
1-2: Ball
2-2: Ball
3-2: Foul Ball, location: 2F
3-2: Fly out, F9 (Flyball, 9, EV 94.4 MPH)
Batting: LHB Corey Seager 0-0: Ball
1-0: SOLO HOME RUN (Flyball, 7D, EV 95.6 MPH), Distance : 380 ft
Batting: RHB Yan Gomes 0-0: Ball
1-0: Ball
2-0: Called Strike
2-1: Fly out, F7 (Line Drive, 78M, EV 103.8 MPH)
Bottom of the 8th over - 1 run, 1 hit, 0 errors, 0 left on base; San Francisco 5 - Atlanta 1
TOP OF THE 9TH
San Francisco Giants batting - Pitching for Atlanta Braves : RHP Noah Syndergaard
Batting: RHB Alec Bohm 0-0: Called Strike
0-1: Ball
1-1: Ball
2-1: Ball
3-1: Ground out 4-3 (Groundball, 6MD, EV 96.9 MPH)
Batting: RHB Javier Baez 0-0: Called Strike
0-1: Ball
1-1: Ball
2-1: Foul Ball, location: 2F
2-2: Fly out, F9 (Flyball, 9, EV 100.0 MPH)
Batting: LHB Simon Muzziotti 0-0: SINGLE (Groundball, 6MD, EV 95.6 MPH)
Batting: RHB Ceddanne Rafaela 0-0: Called Strike
Simon Muzziotti steals 2nd base
0-1: Ball
1-1: Fly out, F8 (Flyball, 8LD, EV 106.3 MPH)
Top of the 9th over - 0 runs, 1 hit, 0 errors, 1 left on base; San Francisco 5 - Atlanta 1
BOTTOM OF THE 9TH
Atlanta Braves batting - Pitching for San Francisco Giants : RHP Nick Pivetta
Pitching: RHP Camilo Doval
Batting: LHB Tommy La Stella 0-0: Called Strike
0-1: Ball
1-1: Fly out, F9 (Flyball, 9, EV 88.8 MPH)
Batting: RHB Jose Siri 0-0: Called Strike
0-1: Called Strike
0-2: Ball
1-2: Strikes out swinging
Batting: RHB Ronald Acuna Jr. 0-0: Foul Ball, location: 2F
0-1: Ball
1-1: Ball
2-1: Foul Ball, location: 2F
2-2: Ball
3-2: Ground out 6-3 (Groundball, 56, EV 84.4 MPH)
Bottom of the 9th over - 0 runs, 0 hits, 0 errors, 0 left on base; San Francisco 5 - Atlanta 1
Sunday, October 29th , 2023 - OOTP Baseball 24.10 Build 82